 Dungeon Crawl Stone Soup version 0.17-a0-1450-g7e755d1 (webtiles) character file.

172 matakusis the Ducker (level 5, 0/39 HPs)
             Began as a Demonspawn Gladiator on June 30, 2015.
             Was an Initiate of Makhleb.
             Killed from afar by an orc wizard (8 damage)
             ... with a magic dart
             ... on level 4 of the Dungeon.
             The game lasted 00:14:19 (3069 turns).

matakusis the Ducker (Demonspawn Gladiator)         Turns: 3069, Time: 00:14:19

Health: 0/39       AC:  5    Str: 16    XL:     5   Next: 27%
Magic:  5/5        EV: 13    Int: 10    God:    Makhleb [......]
Gold:   172        SH:  0    Dex: 13    Spells: 0 memorised, 4 levels left

rFire  + . .     SeeInvis .     a - +0 flail
rCold  . . .     Clarity  .     b - +0 leather armour
rNeg   . . .     SustAt   .     (no shield)
rPois  .         Gourm    .     c - +0 helmet
rElec  .         Spirit   .     (no cloak)
rCorr  .         Warding  .     (no gloves)
rMut   .         Stasis   .     f - +0 pair of boots (curse)
MR     .....                    (no amulet)
Stlth  +.........               (no ring)
                                (no ring)

@: not resistant to hostile enchantments, very unstealthy
A: hooves 2, fire resistance 1
a: Renounce Religion


You were on level 4 of the Dungeon.
You worshipped Makhleb.
Makhleb was noncommittal.
You were not hungry.

You visited 2 branches of the dungeon, and saw 5 of its levels.

You collected 172 gold pieces.

Inventory:

Hand weapons
 a - a +0 flail (weapon)
Missiles
 d - 3 throwing nets (quivered)
Armour
 b - a +0 leather armour (worn)
 c - a +0 helmet (worn)
 f - a cursed +0 pair of boots (worn)
Scrolls
 i - a scroll of teleportation {unknown}
 j - a scroll of blinking {unknown}
 m - 3 scrolls of identify {unknown}
 n - 2 scrolls of remove curse {unknown}
 o - a scroll of recharging {unknown}
 s - a scroll of noise {unknown}
Potions
 h - 2 potions of magic {unknown}
 k - a potion of lignification {unknown}
 l - a potion of heal wounds {unknown}
 p - a potion of degeneration {unknown}
 r - 2 potions of berserk rage {unknown}
Comestibles
 e - 3 bread rations
 g - 2 meat rations
 q - a beef jerky


   Skills:
 + Level 2.3 Fighting
 * Level 3.8 Maces & Flails
 - Level 1.7 Throwing
 + Level 1.8 Armour
 * Level 4.0 Dodging


You had 4 spell levels left.
You didn't know any spells.

Dungeon Overview and Level Annotations

Branches:
Dungeon (4/15)             Temple (1/1) D:4

Altars:
Cheibriados
Elyvilon
Fedhas
Kikubaaqudgha
Makhleb
Nemelex Xobeh
Okawaru
Sif Muna
Vehumet
The Shining One
Lugonu


Innate Abilities, Weirdness & Mutations

You have hoof-like feet.
Your flesh is heat resistant.


Message History

Something hits you but does no damage. x2
You miss something. Something hits you.
You hit something. Something hits you but does no damage.
You hit something.
You hear some strange, mumbled words.
A puff of flame appears from out of thin air!
The puff of flame misses you.
You hit something but do no damage. Something hits you.
* * * LOW HITPOINT WARNING * * *
You hit something. Something hits you.
* * * LOW HITPOINT WARNING * * *
Something hits you.
* * * LOW HITPOINT WARNING * * *
You barely miss something. Something hits you but does no damage.
You barely miss something. Something hits you but does no damage.
You miss something.
You hear some strange, mumbled words.
A magic dart appears from out of thin air!
The magic dart hits you!
You die...

#.....'...+.....+
#.....#...#.....#
#.....#...#....## ##+#
##...##'###....##+##...
##...##..##....+...#...
#....#...##....##..#...
#....#...##....##..#...
#....'{............+...
#....#@)...........#...
##.####[######+###'#...
###...................
#......$............
#..o>...............
#...................
#............#+#####
#.o.."#####+# #..o..#


There were no monsters in sight!

Vanquished Creatures
  A scorpion (D:4)
  Jessica (D:2)
  3 adders
  An ooze (D:1)
  3 worms
  3 orcs (D:4)
  10 bats
  A giant cockroach (D:3)
  3 hobgoblins
  4 jackals (D:2)
  A ball python (D:2)
  2 giant newts
  5 goblins
  7 kobolds
  A quokka (D:3)
  9 rats
55 creatures vanquished.

Notes
Turn   | Place    | Note
--------------------------------------------------------------
     0 | D:1      | matakusis the Demonspawn Gladiator began the quest for the Orb.
     0 | D:1      | Reached XP level 1. HP: 16/16 MP: 1/1
   104 | D:1      | Reached skill level 3 in Dodging
   298 | D:1      | Gained mutation: You have large cloven feet. [demonic ancestry]
   298 | D:1      | Reached XP level 2. HP: 15/22 MP: 2/2
   952 | D:2      | Reached XP level 3. HP: 23/27 MP: 3/3
  1178 | D:2      | Noticed Jessica
  1185 | D:2      | Killed Jessica
  1185 | D:2      | Reached skill level 1 in Armour
  1185 | D:2      | Gained mutation: Your flesh is heat resistant. [demonic ancestry]
  1185 | D:2      | Reached XP level 4. HP: 26/33 MP: 4/4
  1600 | D:3      | Found a burning altar of Makhleb.
  1609 | D:3      | Became a worshipper of Makhleb the Destroyer
  2018 | D:3      | Found a faded altar to an unknown god.
  2488 | D:4      | Found a staircase to the Ecumenical Temple.
  2503 | Temple   | Entered the Ecumenical Temple
  2591 | D:4      | Gained mutation: You have hoof-like feet. [demonic ancestry]
  2591 | D:4      | Reached XP level 5. HP: 14/39 MP: 5/5
  3055 | D:4      | Reached skill level 4 in Dodging
  3069 | D:4      | Killed from afar by an orc wizard

Vault maps used:
D:1:      evilmike_arrival_hilbert_curve
D:2:      uniq_jessica
D:3:      overflow_temple_1_default, first_bread, ecumenical_altar_1
D:4:      kennysheep_mini, minmay_temple_entry_junction
Temple:   corrupted_temple

Action                   |  1- 3 |  4- 6 || total
-------------------------+-------+-------++-------
Melee: Flail             |   106 |    70 ||   176
 Stab: Sleeping          |       |     2 ||     2
  Eat: Chunk             |     1 |     1 ||     2
       Meat ration       |       |     1 ||     1
